 Dungeon Sprint DCSS version 0.30-a0-39-g42789b21ef (webtiles) character file.

Game seed: 1469848318670800846

223 mhtbhm the Cudgeller (level 5, -2/88 HPs)
             Began as a Troll Berserker on Aug 28, 2022.
             Was a Priest of Trog.
             Succumbed to a hornet's poison
             ... in the Dungeon (Sprint IX: "|||||||||||||||||||||||||||||").
             The game lasted 00:00:35 (129 turns).

mhtbhm the Cudgeller (Troll Berserker)               Turns: 129, Time: 00:00:35

Health: -2/88      AC:  6    Str: 27    XL:     5   Next: 66%
Magic:  4/4        EV: 13    Int:  3    God:    Trog [***...]
Gold:   0          SH:  0    Dex:  9    Spells: 4/4 levels left

rFire   . . .      SeeInvis .    a - +2 morningstar (vorpal)
rCold   . . .      Faith    .    (no shield)
rNeg    . . .      Spirit   .    b - +0 animal skin
rPois   .          Reflect  .    (helmet restricted)
rElec   .          Harm     .    (no cloak)
rCorr   .          Rampage  .    (gloves unavailable)
Will    .....      NoTele   +    (boots unavailable)
Stlth   ..........               (no amulet)
HPRegen 1.04/turn                k - +2 ring of protection
MPRegen 0.09/turn                l - +2 ring of evasion

@: berserking (expiring), lethally poisoned (-2 -> -8), slowed
A: large, unfitting armour, claws 3, regeneration 1, shaggy fur 1, tough skin 1
a: Renounce Religion, Berserk, Trog's Hand


You were in the Dungeon.
You worshipped Trog.
Trog was most pleased with you.
You visited 1 branch

Inventory:

Hand Weapons
 a - a +2 vorpal morningstar (weapon)
Armour
 b - a +0 animal skin (worn)
Jewellery
 k - a +2 ring of protection (left claw)
 l - a +2 ring of evasion (right claw)
Wands
 j - a wand of iceblast (10)
Scrolls
 h - 2 scrolls of blinking
Potions
 c - 5 potions of curing
 d - a potion of invisibility
 e - a potion of haste
 f - 4 potions of magic
 g - a potion of berserk rage
 i - 2 potions of heal wounds


   Skills:
 + Level 6.1 Fighting
 + Level 7.1 Maces & Flails
 + Level 5.9 Dodging


You had 4 spell levels left.
You didn't know any spells.
Your spell library was empty.

Dungeon Overview and Level Annotations

Branches:
Dungeon (1/1)

Altars:
Cheibriados
Dithmenos
Elyvilon
Fedhas
Gozag
Hepliaklqana
Kikubaaqudgha
Makhleb
Nemelex Xobeh
Okawaru
Qazlal
Ru
Sif Muna
Trog
Uskayaw
Vehumet
Wu Jian
Xom
Yredelemnul
Zin
The Shining One
Jiyva
Lugonu


Innate Abilities, Weirdness & Mutations

You are too large for most types of armour.
You have claws for hands.
Your natural rate of healing is unusually fast.
You are covered in fur. (AC +1)
You have tough skin. (AC +1)


Message History

The hornet barely misses you. The hornet stings you!
You are poisoned.
You feel as though you will be slow longer.
You miss the hornet.
The hornet is lightly wounded.
You feel very sick. The hornet stings you.
You suddenly lose the ability to move!
You feel yourself speed up.
You feel sick. The hornet stings you!
You feel yourself slow down. The hornet stings you!
You feel as though you will be slow longer.
You feel sick. The hornet stings you.
* * * LOW HITPOINT WARNING * * *
You are more poisoned.
You feel as though you will be slow longer.
You can move again.
You closely miss the hornet. Your claw misses the hornet.
The hornet is lightly wounded.
You feel very sick. The hornet barely misses you. The hornet stings you.
* * * LOW HITPOINT WARNING * * *
You feel as though you will be slow longer.
Unknown command.
You closely miss the hornet.
You feel very sick. The hornet misses you. The hornet stings you!
* * * LOW HITPOINT WARNING * * *
You are lethally poisoned!
You shrug off the repeated paralysis!
Unknown command.
You bludgeon the hornet!!
The hornet is almost dead.
* * * LOW HITPOINT WARNING * * *
You feel very sick. The hornet barely misses you.
Unknown command.
Unknown command.
You miss the hornet.
The hornet is almost dead.
You die...

▓.▓
▓y▓
▓Y▓
▓y▓
▓y▓
▓l▓
▓y▓
▓@▓
▓.▓
▓[▓
▓[▓
▓[▓
▓.▓
▓)▓
▓?▓
▓.▓


You could see a komodo dragon, a yak, a hornet and 3 killer bees.

Vanquished Creatures
  A black bear (D)
  A scorpion (D)
  A hound (D)
  A gnoll bouda (D)
  A gnoll (D)
  2 endoplasms (D)
  A kobold (D)
  A quokka (D)
  A rat (D)
10 creatures vanquished.

Notes
Turn   | Place    | Note
-------+----------+-------------------------------------------
     0 | D        | mhtbhm the Troll Berserker began the quest for the Orb.
     0 | D        | Reached XP level 1. HP: 22/22 MP: 0/0
     8 | D        | Reached skill level 3 in Maces & Flails
     9 | D        | Reached ** piety under Trog
    25 | D        | Noticed a black bear
    25 | D        | Noticed a gnoll bouda
    25 | D        | Noticed a hound
    25 | D        | Noticed a scorpion
    28 | D        | Killed a scorpion
    29 | D        | Reached skill level 5 in Maces & Flails
    29 | D        | Reached XP level 2. HP: 33/33 MP: 1/1
    29 | D        | Reached XP level 3. HP: 40/40 MP: 2/2
    31 | D        | Reached *** piety under Trog
    32 | D        | Reached XP level 4. HP: 48/49 MP: 3/3
    48 | D        | Reached skill level 5 in Fighting
    48 | D        | Reached skill level 6 in Maces & Flails
    48 | D        | Reached skill level 5 in Dodging
    59 | D        | Killed a black bear
    60 | D        | Reached skill level 7 in Maces & Flails
    60 | D        | Reached XP level 5. HP: 28/59 MP: 4/4
    64 | D        | Found a snail-covered altar of Cheibriados.
    64 | D        | Found a shadowy altar of Dithmenos.
    64 | D        | Found a white marble altar of Elyvilon.
    64 | D        | Found a blossoming altar of Fedhas.
    64 | D        | Found an opulent altar of Gozag.
    65 | D        | Found a hazy altar of Hepliaklqana.
    66 | D        | Found a viscous altar of Jiyva.
    67 | D        | Found an ancient bone altar of Kikubaaqudgha.
    68 | D        | Found a corrupted altar of Lugonu.
    69 | D        | Found a burning altar of Makhleb.
    70 | D        | Found a sparkling altar of Nemelex Xobeh.
    71 | D        | Found an iron altar of Okawaru.
    72 | D        | Found a stormy altar of Qazlal.
    73 | D        | Found a sacrificial altar of Ru.
    74 | D        | Found a shimmering blue altar of Sif Muna.
    75 | D        | Found a bloodstained altar of Trog.
    84 | D        | Found a hide-covered altar of Uskayaw.
    85 | D        | Found a radiant altar of Vehumet.
    86 | D        | Found an ornate altar of the Wu Jian Council.
    87 | D        | Found a shimmering altar of Xom.
    88 | D        | Found a basalt altar of Yredelemnul.
    89 | D        | Found a glowing silver altar of Zin.
    90 | D        | Found a glowing golden altar of the Shining One.
   119 | D        | Noticed a yak
   119 | D        | Noticed a komodo dragon
   119 | D        | Noticed a hornet
   123 | D        | Paralysed by a hornet for 3 turns
   128 | D        | HP: 1/88 [poisoned by a hornet]
   129 | D        | Succumbed to a hornet's poison

Illustrated notes

Levels and vault maps discovered:
D:        linesprint [early_d, line_temple, items_1, d_10, items_2, lair_1,
          lair_end, items_3, orc_1, orc_end, items_4, d_15, swamp_1, shoals_1,
          snake_1, spider_1, d_20, vaults_1, items_5, swamp_end, shoals_end,
          snake_end, spider_end, vaults_end, d_27, items_6, zot_1, zot_end,
          crypt_end, forest_end, elf_end, slime_end, tomb_end, abyss_end,
          pan_hell_end]

Skill      XL: |  1  2  3  4 |
---------------+-------------+-----
Maces & Flails | 5 7 |  7.1
Fighting       | 4 6 |  6.1
Dodging        | 4 5 |  5.9

Action                   |  1- 3 |  4- 6 || total
-------------------------+-------+-------++-------
Melee: Mace              |    15 |    26 ||    41
       Punch             |     1 |       ||     1
       Morningstar       |       |     7 ||     7
Invok: Berserk           |     1 |     1 ||     2
  Use: Potion            |       |     1 ||     1
Armor: Animal skin       |     1 |    26 ||    27
Dodge: Dodged            |     5 |    24 ||    29

Table legend: (Time is in decaauts)
 A = Elapsed time spent in this place.
 B = Non-inter-level travel time spent in this place.
 C = Inter-level travel time spent in this place.
 D = Time resting spent in this place.
 E = Time spent auto-exploring this place.
 F = Levels seen in this place.
 G = Mean time per level.
                   A        B        C        D        E       F      G
               +--------+--------+--------+--------+--------+-----+--------+
         Total |    141 |    141 |      0 |      4 |      0 |   1 |  141.0 |
       Dungeon |    141 |    141 |      0 |      4 |      0 |   1 |  141.0 |
               +--------+--------+--------+--------+--------+-----+--------+

Top non-repeatable levels by time:
       D: 141 daAuts
